 Dungeon Crawl Stone Soup version 0.25-a0-105-g2289b3b9f1 (webtiles) character file.

Game seed: 6179193511888070480, levelgen mode: deterministic

2977 mortelune the Frost Mage (level 9, 66/69 HPs)
             Began as a Demonspawn Wanderer on Nov 16, 2019.
             Starved to death
             ... on level 8 of the Dungeon.
             The game lasted 00:32:06 (10638 turns).

mortelune the Frost Mage (Demonspawn Wanderer)     Turns: 10638, Time: 00:32:06

Health: 66/69      AC:  8    Str:  9    XL:     9   Next: 53%
Magic:  17/17      EV: 11    Int: 17    God:
Gold:   290        SH:  0    Dex: 16    Spells: 7/18 levels left

rFire    . . .     SeeInvis .   r - +6 mace of the Shoals {elec, rElec}
rCold    . . .     Gourm    .   (no shield)
rNeg     . . .     Faith    .   d - +1 robe
rPois    .         Spirit   +   (no helmet)
rElec    +         Reflect  .   (no cloak)
rCorr    .         Harm     .   (no gloves)
MR       .....                  (no boots)
Stlth    +.........             (no amulet)
HPRegen  0.21/turn              g - +3 ring of protection
MPRegen  0.30/turn              H - ring of wizardry

@: fainting
A: icy blue scales 1, magic shield, magic regeneration
a: no special abilities


You were on level 8 of the Dungeon.
You were fainting.

You visited 1 branch of the dungeon, and saw 8 of its levels.

You collected 395 gold pieces.
You spent 105 gold pieces at shops.

Inventory:

Hand Weapons
 a - a +0 spear
 h - a +0 spear of freezing
 k - a +0 short sword
 q - a +4 dagger
 r - the +6 mace of the Shoals (weapon) {elec, rElec}
   (You found it on level 6 of the Dungeon)

   Occasionally, upon striking a foe, it will discharge some electrical energy
   and cause terrible harm.
   It insulates you from electricity.
 s - a +1 short sword of speed
Armour
 d - a +1 robe (worn)
 j - a +0 ring mail
Jewellery
 b - an uncursed ring of fire
 g - a +3 ring of protection (left hand)
 l - an uncursed amulet of rage
 t - an uncursed ring of poison resistance
 E - the amulet of the Ageless Scars {+Rage rN+ MR+ Dex-5}
   (You found it on level 7 of the Dungeon)

   [amulet of rage]

   It affects your dexterity (-5).
   It protects you from negative energy.
   It affects your resistance to hostile enchantments.
   It lets you go berserk.
 H - a ring of wizardry (right hand)
Wands
 C - a wand of enslavement (3)
Scrolls
 f - a scroll of fear
 i - 4 scrolls of teleportation
 G - a scroll of magic mapping
Potions
 c - 4 potions of curing
 e - a potion of magic
 m - a potion of heal wounds
 n - 2 potions of lignification
 o - a potion of ambrosia {unknown}
 p - a potion of brilliance {unknown}
 u - a potion of might {unknown}
 v - a potion of resistance {unknown}
 w - a potion of berserk rage {unknown}
 x - a potion of cancellation {unknown}
 z - 2 potions of haste


   Skills:
 + Level 6.0 Fighting
 - Level 1.7 Short Blades
 - Level 1.0 Throwing
 + Level 5.4 Spellcasting
 + Level 5.1 Conjurations
 * Level 8.4 Ice Magic
   Level 2.0 Poison Magic
 - Level 1.0 Evocations


You had 7 spell levels left.
You knew the following spells:

 Your Spells              Type           Power        Failure   Level  Hunger
a - Freeze                Ice            ####         1%          1    None
b - Throw Frost           Conj/Ice       ####..       1%          2    #......
c - Throw Icicle          Conj/Ice       ####....     3%          4    ####...
d - Summon Ice Beast      Ice/Summ       ###.....     10%         4    ####...

Your spell library contained the following spells:

 Spells                   Type           Power        Failure   Level  Hunger
 Ozocubu's Armour         Chrm/Ice       ###.....     3%          3    ##.....


Dungeon Overview and Level Annotations

Branches:
Dungeon (8/15)             Temple (0/1) D:5
   Lair: D:8-11

Altars:
Elyvilon
Fedhas
Nemelex Xobeh
Okawaru
Qazlal
Ru
Sif Muna
Trog
Vehumet
Wu Jian
Xom
Yredelemnul
Zin
The Shining One

Shops:
D:4 *   D:6 (

Annotations:
D:3 Grinder
D:4 3 runed translucent doors, grouchysmurf's ghost, amateur GrEE
D:5 exclusion: downstairs


Innate Abilities, Weirdness & Mutations

You are partially covered in icy blue scales. (AC +2)
When hurt, damage is shared between your health and your magic reserves.
You regenerate magic rapidly.


Message History

You can move again.
You lose consciousness!
You can move again.
A bullfrog comes into view.
The bullfrog croaks.
The bullfrog moves out of view.
The bullfrog hits you.
The bullfrog hits you but does no damage.
You sock the bullfrog! Lightning courses through the bullfrog!
The bullfrog is almost dead.
The bullfrog hits you!
The bullfrog hits you but does no damage.
You sock the bullfrog! Lightning courses through the bullfrog!
You kill the bullfrog!
Found 7 gold pieces.
You now have 290 gold pieces (gained 7).
You lose consciousness!
You can move again.
You have starved to death.
You die...

#.......<#.# #...#
○§§##.. #........#.#
#...# #####..
#........#.####.###
......_
#............##.#
#####..
#........###.##.###
☼☼☼○§#.. #........#
#.##...# °☼§☼#..
#........# #.##..##
°.§§#..
############.##...#
.§.○#.≈ #######
#....@.###.## .☼..#..
#........##.#........#
#####..
........##.#.########
#####'' .......#....#
###..... .......#..#.#
#...##.. ..........#.##
###.#.#...
.............# #
#...#.#...
####.##....#.####.
#.###...##
#####.#.....#......###.#
####


There were no monsters in sight!

Vanquished Creatures
  Pikel (D:5)
  Edmund (D:6)
  Menkaure (D:7)
  A water moccasin (D:7)
  3 slaves
  2 sky beasts
  2 ogres
  A centaur (D:6)
  7 bullfrogs
  2 scorpions
  A wight (D:6)
  2 howler monkeys (D:5)
  3 crimson imps
  2 bullfrog zombies
  An orc priest (D:3)
  2 hounds
  2 centaur skeletons
  2 bullfrog skeletons
  5 iguanas
  Ijyb (D:4)
  Natasha (D:3)
  2 orc wizards (D:5)
  5 worker ants
  A hound skeleton (D:5)
  5 adders
  3 shadow imps
  An ooze (D:6)
  5 dart slugs
  7 leopard geckos
  12 orcs
  A ball python (D:1)
  3 giant cockroaches
  9 hobgoblins
  2 jackals (D:4)
  3 quokkas
  11 bats
  7 frilled lizards
  10 goblins
  A jackal skeleton (D:4)
  5 kobolds
  A leopard gecko skeleton (D:5)
  A leopard gecko zombie (D:5)
  6 rats
144 creatures vanquished.

Vanquished Creatures (collateral kills)
  An orc warrior (D:7)
  An ice beast (D:6)
  An ogre (D:8)
  An orc priest (D:7)
  A centaur skeleton (D:6)
  An orc (D:7)
6 creatures vanquished.

Grand Total: 150 creatures vanquished

Notes
Turn   | Place    | Note
-------+----------+-------------------------------------------
     0 | D:1      | mortelune the Demonspawn Wanderer began the quest for the
                  | Orb.
     0 | D:1      | mortelune set off with the following items: a +0 spear, a
                  | potion of curing, a +0 robe, a ration; and the following
                  | spell memorised: Freeze; and the following spells available
                  | to memorise: Throw Frost, Ozocubu's Armour, Summon Ice
                  | Beast, Throw Icicle
     0 | D:1      | Reached XP level 1. HP: 15/15 MP: 1/1
   421 | D:1      | Reached skill level 3 in Ice Magic
   424 | D:1      | Gained mutation: You are partially covered in icy blue
                  | scales. (AC +2) [demonic ancestry]
   424 | D:1      | Reached XP level 2. HP: 17/21 MP: 0/2
   810 | D:1      | Reached skill level 1 in Spellcasting
  1072 | D:1      | Reached XP level 3. HP: 26/26 MP: 0/4
  1115 | D:1      | Learned a level 2 spell: Throw Frost
  2117 | D:2      | Reached XP level 4. HP: 24/33 MP: 0/6
  2471 | D:2      | Reached skill level 4 in Ice Magic
  2718 | D:3      | Found a sacrificial altar of Ru.
  2763 | D:3      | Reached XP level 5. HP: 14/39 MP: 1/7
  3214 | D:3      | Noticed Natasha
  3542 | D:3      | Found a white marble altar of Elyvilon.
  3751 | D:3      | Noticed Grinder
  3752 | D:3      | Found a basalt altar of Yredelemnul.
  3971 | D:3      | Killed Natasha
  4335 | D:4      | Found Xaduokaiss's Assorted Antiques.
  4349 | D:4      | Bought a scroll of teleportation for 63 gold pieces
  4349 | D:4      | Bought a scroll of identify for 42 gold pieces
  4460 | D:4      | Reached XP level 6. HP: 46/46 MP: 3/9
  4896 | D:4      | Noticed grouchysmurf's ghost (amateur GrEE)
  4907 | D:4      | Noticed Ijyb
  4931 | D:4      | Killed Ijyb
  5079 | D:4      | Found a runed translucent gate.
  5079 | D:4      | Found a runed translucent gate.
  5079 | D:4      | Found a runed translucent gate.
  5283 | D:5      | Entered Level 5 of the Dungeon
  5399 | D:5      | Reached skill level 1 in Conjurations
  5399 | D:5      | Reached skill level 5 in Ice Magic
  5816 | D:5      | Found a shimmering blue altar of Sif Muna.
  6458 | D:5      | Noticed a slave
  6458 | D:5      | Noticed a slave
  6460 | D:5      | Noticed a slave
  6516 | D:5      | Killed a slave
  6547 | D:4      | Killed a slave
  6692 | D:5      | Killed a slave
  6711 | D:5      | Gained mutation: When hurt, damage is shared between your
                  | health and your magic reserves. [demonic ancestry]
  6711 | D:5      | Reached XP level 7. HP: 47/52 MP: 0/11
  6907 | D:5      | Found a staircase to the Ecumenical Temple.
  7050 | D:5      | Noticed Pikel
  7060 | D:5      | Killed Pikel
  7060 | D:5      | Reached skill level 6 in Ice Magic
  7060 | D:5      | Gained mutation: You regenerate magic rapidly. [demonic
                  | ancestry]
  7060 | D:5      | Reached XP level 8. HP: 26/60 MP: 0/13
  7306 | D:6      | Found Lome's Weapon Boutique.
  7701 | D:6      | Got a shimmering spear
  7753 | D:7      | Noticed Menkaure
  7782 | D:6      | Learned a level 4 spell: Throw Icicle
  7787 | D:6      | Learned a level 4 spell: Summon Ice Beast
  7867 | D:6      | HP: 1/61 [ice beast (8)]
  8369 | D:6      | Noticed Edmund
  8395 | D:6      | Killed Edmund
  8395 | D:6      | Reached skill level 7 in Ice Magic
  8467 | D:6      | Got an ancient mace
  8468 | D:6      | Identified the +6 mace of the Shoals {elec, rElec} (You
                  | found it on level 6 of the Dungeon)
  8504 | D:6      | Reached skill level 5 in Fighting
  9092 | D:6      | Found a blossoming altar of Fedhas.
  9092 | D:6      | Found a glowing golden altar of the Shining One.
  9092 | D:6      | Found an iron altar of Okawaru.
  9098 | D:6      | Found a shimmering altar of Xom.
  9100 | D:6      | Found an ornate altar of the Wu Jian Council.
  9100 | D:6      | Found a radiant altar of Vehumet.
  9101 | D:6      | Found a stormy altar of Qazlal.
  9163 | D:7      | Reached XP level 9. HP: 36/68 MP: 10/16
  9338 | D:7      | Reached skill level 5 in Spellcasting
  9515 | D:7      | Killed Menkaure
  9515 | D:7      | Reached skill level 8 in Ice Magic
  9645 | D:7      | Got a slimy amethyst amulet
  9958 | D:7      | Found a glowing silver altar of Zin.
  9984 | D:7      | Reached skill level 5 in Conjurations
 10056 | D:7      | Found a bloodstained altar of Trog.
 10360 | D:8      | Identified the amulet of the Ageless Scars {+Rage rN+ MR+
                  | Dex-5} (You found it on level 7 of the Dungeon)
 10374 | D:8      | Found a sparkling altar of Nemelex Xobeh.
 10540 | D:8      | Paralysed by fainting for 9 turns
 10563 | D:8      | Paralysed by fainting for 6 turns
 10569 | D:8      | Paralysed by fainting for 8 turns
 10597 | D:8      | Paralysed by fainting for 12 turns
 10638 | D:8      | Starved to death

Levels and vault maps discovered:
D:1:      dpeg_arrival_rooms_a, layout_rooms
D:2:      layout_loops_ring
D:3:      layout_basic, kennysheep_ying_yang, nicolae_ru_sacrificial_ziggurat,
          uniq_natasha, uniq_grinder
D:4:      layout_gridville, serial_shops, shop, gammafunk_ghost_split, uniq_ijyb
D:5:      layout_loops_cross, led_sif_book, minmay_temple_entry_poolview,
          first_ration, uniq_pikel
D:6:      hangedman_cross_stitches, layout_rooms, grunt_temple_overflow_open,
          serial_shops, shop, uniq_edmund
D:7:      layout_cave_pools, kennysheep_mini_moat, basic_altar,
          hangedman_decor_growths, uniq_menkaure
D:8:      layout_basic, nemelex_altar_shiori, special_room [special_room_orc]

Skill      XL: |  1  2  3  4  5  6  7  8  9 |
---------------+----------------------------+-----
Ice Magic      | 3 4 5 6 7 8 |  8.4
Spellcasting   | 1 2 3 4 5 |  5.4
Fighting       | 2 3 4 5 6 |  6.0
Conjurations   | 1 2 4 5 |  5.1
Short Blades   | |  1.7
Throwing       | |  1.0
Poison Magic   | |  2.0
Evocations     | |  1.0

Action                   |  1- 3 |  4- 6 |  7- 9 || total
-------------------------+-------+-------+-------++-------
Melee: Spear             |    42 |       |       ||    42
       Short sword       |    32 |    61 |    28 ||   121
       Dagger            |       |    39 |       ||    39
       Mace              |       |       |    60 ||    60
 Cast: Freeze            |    59 |   100 |   116 ||   275
       Throw Frost       |     7 |    57 |    35 ||    99
       Throw Icicle      |       |       |    18 ||    18
       Summon Ice Beast  |       |       |     5 ||     5
  Use: Scroll            |       |    10 |    12 ||    22
       Potion            |       |       |     2 ||     2
 Stab: Sleeping          |       |     1 |       ||     1
  Eat: Chunk             |     3 |    12 |     7 ||    22
       Ration            |     1 |     2 |     3 ||     6
Armor: Robe              |    31 |    53 |    85 ||   169
Dodge: Dodged            |    79 |    85 |    90 ||   254

Table legend:
 A = Non-vault XP
 B = Vault XP
 C = Vault XP percentage of total XP
 D = Non-vault monster count
 E = Vault monster count
 F = Vault count percentage of total count
                 A         B        C        D         E       F
            +---------+---------+-------+---------+---------+-------
      Total |    2710 |    1543 |  36.3 |     131 |      16 |  10.9
            +---------+---------+-------+---------+---------+-------
        D:1 |      43 |       0 |   0.0 |      25 |       0 |   0.0
        D:2 |     104 |       0 |   0.0 |      24 |       0 |   0.0
        D:3 |     149 |      35 |  19.0 |      24 |       1 |   4.0
        D:4 |     115 |      35 |  23.3 |       7 |       1 |  12.5
        D:5 |     297 |     692 |  70.0 |      11 |       3 |  21.4
        D:6 |     658 |     616 |  48.4 |      15 |      10 |  40.0
        D:7 |    1122 |     165 |  12.8 |      22 |       1 |   4.3
        D:8 |     222 |       0 |   0.0 |       3 |       0 |   0.0
            +---------+---------+-------+---------+---------+-------
